3123 views
Uploaded 2019-12-01 20:54:46
Game version 1.32.0.3 / 1.32.0.3.1
52:05 long 3on3 ladder game on (6)GnollWood
Saved by BEARAND
3123 views
Uploaded 2019-12-01 20:54:46
Game version 1.32.0.3 / 1.32.0.3.1
52:05 long 3on3 ladder game on (6)GnollWood


226 units @ 37.5k
/ 6.9k
46 buildings @ 7.9k
/ 3.4k

| Wisp | 20 | 1200 | / | 0 |
| Archer | 44 | 5720 | / | 440 |
| Hippogryph | 30 | 4800 | / | 600 |
| Glaive Thrower | 33 | 6930 | / | 2145 |
| Forest Troll Shadow Priest | 1 | 195 | / | 10 |
| total: | 128 | 18845g | / | 3195w |
| Ancient Protector | 3 | 405 | / | 240 |
| Altar of Elders | 1 | 180 | / | 50 |
| Moon Well | 7 | 1260 | / | 280 |
| Ancient of War | 2 | 300 | / | 120 |
| Hunter's Hall | 1 | 210 | / | 100 |
| Tree of Life | 1 | 340 | / | 185 |
| Ancient of Wind | 1 | 150 | / | 140 |
| Tree of Ages | 1 | 320 | / | 180 |
| Tree of Eternity | 1 | 330 | / | 200 |
| total: | 16 | 2845g | / | 1115w |
| 0:04 | Wisp |
| 0:04 | Wisp |
| 0:06 | Altar of Elders |
| 0:22 | Moon Well |
| 0:30 | Wisp |
| 0:40 | Ancient of War |
| 0:42 | Wisp |
| 0:56 | Wisp |
| 0:56 | Wisp |
| 1:19 | Wisp |
| 1:23 | Wisp |
| 1:42 | Moon Well |
| 1:44 | Archer |
| 1:52 | Wisp |
| 2:15 | Searing Arrows |
| 2:34 | Tree of Ages |
| 2:40 | Archer |
| 2:51 | Archer |
| 3:03 | Hunter's Hall |
| 3:13 | Archer |
| 3:39 | Moon Well |
| 4:13 | Strength of the Moon |
| 4:16 | Archer |
| 4:20 | Trueshot Aura |
| 4:48 | Forest Troll Shadow Priest |
| 4:54 | Archer |
| 4:59 | Ancient of Wind |
| 5:04 | Improved Bows |
| 5:06 | Moon Armor |
| 6:46 | Hippogryph |
| 6:47 | Hippogryph |
| 6:49 | Improved Strength of the Moon |
| 6:50 | Improved Moon Armor |
| 6:51 | Archer |
| 6:58 | Tree of Eternity |
| 7:10 | Hippogryph |
| 7:11 | Archer |
| 7:18 | Moon Well |
| 7:55 | Hippogryph |
| 8:02 | Tree of Life |
| 8:47 | Trueshot Aura |
| 9:04 | Hippogryph |
| 9:05 | Archer |
| 9:18 | Advanced Moon Armor |
| 9:20 | Marksmanship |
| 9:25 | Wisp |
| 9:25 | Wisp |
| 9:25 | Wisp |
| 9:25 | Wisp |
| 9:54 | Hippogryph |
| 9:55 | Archer |
| 10:11 | Ancient Protector |
| 10:49 | Advanced Strength of the Moon |
| 10:54 | Wisp |
| 10:54 | Wisp |
| 10:54 | Wisp |
| 10:55 | Wisp |
| 11:25 | Ancient Protector |
| 11:27 | Ancient Protector |
| 11:50 | Hippogryph |
| 11:51 | Archer |
| 12:55 | Wisp |
| 12:55 | Wisp |
| 12:57 | Wisp |
| 13:06 | Moon Well |
| 13:08 | Glaive Thrower |
| 13:09 | Vorpal Blades |
| 13:43 | Hippogryph |
| 13:44 | Archer |
| 14:05 | Glaive Thrower |
| 14:24 | Searing Arrows |
| 14:27 | Hippogryph |
| 14:29 | Archer |
| 14:31 | Ancient of War |
| 14:41 | Glaive Thrower |
| 15:23 | Archer |
| 17:32 | Glaive Thrower |
| 17:32 | Glaive Thrower |
| 17:32 | Glaive Thrower |
| 18:18 | Archer |
| 19:39 | Hippogryph |
| 19:40 | Archer |
| 20:31 | Trueshot Aura |
| 21:58 | Archer |
| 22:01 | Glaive Thrower |
| 22:01 | Glaive Thrower |
| 22:01 | Glaive Thrower |
| 22:25 | Glaive Thrower |
| 22:25 | Glaive Thrower |
| 22:26 | Glaive Thrower |
| 22:26 | Glaive Thrower |
| 22:26 | Glaive Thrower |
| 22:26 | Glaive Thrower |
| 22:26 | Glaive Thrower |
| 23:05 | Starfall |
| 25:50 | Hippogryph |
| 25:50 | Hippogryph |
| 25:51 | Hippogryph |
| 30:43 | Glaive Thrower |
| 30:43 | Glaive Thrower |
| 30:44 | Glaive Thrower |
| 30:44 | Glaive Thrower |
| 30:44 | Glaive Thrower |
| 30:44 | Glaive Thrower |
| 30:46 | Glaive Thrower |
| 30:51 | Moon Well |
| 31:49 | Archer |
| 33:09 | Archer |
| 33:10 | Archer |
| 33:13 | Archer |
| 33:13 | Archer |
| 33:16 | Archer |
| 33:16 | Archer |
| 33:17 | Archer |
| 33:17 | Archer |
| 33:17 | Archer |
| 33:17 | Archer |
| 33:18 | Archer |
| 33:35 | Moon Well |
| 33:39 | Hippogryph |
| 33:39 | Hippogryph |
| 33:40 | Archer |
| 33:40 | Archer |
| 33:40 | Archer |
| 33:40 | Archer |
| 33:40 | Archer |
| 33:41 | Archer |
| 33:41 | Archer |
| 36:35 | Hippogryph |
| 36:35 | Hippogryph |
| 43:32 | Archer |
| 43:32 | Archer |
| 43:32 | Archer |
| 43:32 | Archer |
| 43:33 | Archer |
| 43:33 | Archer |
| 43:33 | Archer |
| 44:17 | Hippogryph |
| 44:18 | Hippogryph |
| 44:18 | Hippogryph |
| 44:18 | Hippogryph |
| 44:18 | Hippogryph |
| 44:18 | Hippogryph |
| 44:19 | Hippogryph |
| 44:46 | Glaive Thrower |
| 44:46 | Glaive Thrower |
| 44:47 | Glaive Thrower |
| 46:01 | Searing Arrows |
| 47:29 | Hippogryph |
| 47:29 | Hippogryph |
| 47:29 | Hippogryph |
| 47:30 | Hippogryph |
| 47:30 | Hippogryph |
| 47:30 | Hippogryph |
| 47:31 | Archer |
| 47:33 | Glaive Thrower |
| 47:33 | Glaive Thrower |
| 47:33 | Glaive Thrower |
| 47:34 | Glaive Thrower |
| 47:34 | Glaive Thrower |
| 47:34 | Glaive Thrower |
| 47:35 | Glaive Thrower |
| Right click | 2911 |
| Select group | 966 |
| Select | 690 |
| Misc. action | 523 |
| Assign group | 235 |
| Build/train/purchase | 186 |
| Chat | 74 |
| Minimap ping | 49 |
| Esc | 24 |
| Use ability | 4 |


| Healing Salve | 1 | 100 |
| total: | 1 | 100g |
| Peon | 15 | 1125 | / | 0 |
| Grunt | 5 | 1000 | / | 0 |
| Troll Headhunter | 27 | 3780 | / | 540 |
| Demolisher | 14 | 3080 | / | 700 |
| Kodo Beast | 4 | 1020 | / | 240 |
| Troll Batrider | 3 | 480 | / | 120 |
| total: | 68 | 10485g | / | 1600w |
| Altar of Storms | 1 | 180 | / | 50 |
| Orc Burrow | 7 | 1120 | / | 280 |
| Barracks | 2 | 360 | / | 100 |
| Voodoo Lounge | 1 | 130 | / | 30 |
| War Mill | 1 | 205 | / | 0 |
| Great Hall | 1 | 385 | / | 185 |
| Beastiary | 1 | 145 | / | 140 |
| Stronghold | 1 | 315 | / | 190 |
| Fortress | 2 | 650 | / | 380 |
| total: | 14 | 2525g | / | 785w |
| 0:03 | Peon |
| 0:08 | Altar of Storms |
| 0:20 | Orc Burrow |
| 0:23 | Barracks |
| 0:27 | Peon |
| 0:44 | Peon |
| 0:58 | Peon |
| 1:15 | Peon |
| 1:26 | Grunt |
| 1:40 | Orc Burrow |
| 1:45 | Peon |
| 1:57 | Peon |
| 2:27 | Voodoo Lounge |
| 2:38 | Grunt |
| 2:57 | Peon |
| 3:01 | War Mill |
| 3:12 | Grunt |
| 3:28 | Orc Burrow |
| 3:57 | Grunt |
| 4:00 | Healing Salve |
| 4:05 | Endurance Aura |
| 4:18 | Steel Armor |
| 4:31 | Troll Headhunter |
| 4:38 | War Stomp |
| 4:54 | Troll Headhunter |
| 5:10 | Stronghold |
| 5:43 | Troll Headhunter |
| 5:46 | Steel Ranged Weapons |
| 6:17 | Troll Headhunter |
| 6:37 | Troll Headhunter |
| 6:59 | Steel Melee Weapons |
| 7:41 | Troll Headhunter |
| 7:51 | Troll Headhunter |
| 8:05 | Troll Regeneration |
| 8:11 | Orc Burrow |
| 8:12 | Orc Burrow |
| 9:02 | Thorium Ranged Weapons |
| 9:09 | Troll Headhunter |
| 9:28 | Troll Headhunter |
| 9:48 | Troll Headhunter |
| 10:19 | Great Hall |
| 10:29 | Demolisher |
| 10:47 | Thorium Armor |
| 11:08 | Healing Wave |
| 11:16 | Troll Headhunter |
| 11:27 | Troll Headhunter |
| 11:40 | Demolisher |
| 12:06 | Troll Headhunter |
| 12:43 | Demolisher |
| 13:10 | Demolisher |
| 13:54 | Fortress |
| 13:59 | Peon |
| 13:59 | Peon |
| 13:59 | Peon |
| 15:13 | Troll Headhunter |
| 15:19 | Grunt |
| 15:22 | Barracks |
| 16:21 | Demolisher |
| 16:21 | Demolisher |
| 16:23 | Arcanite Ranged Weapons |
| 16:26 | Orc Burrow |
| 16:57 | Demolisher |
| 16:58 | Demolisher |
| 17:24 | War Stomp |
| 19:08 | Demolisher |
| 19:09 | Demolisher |
| 19:41 | Demolisher |
| 19:41 | Demolisher |
| 20:54 | Hex |
| 21:11 | Troll Headhunter |
| 21:11 | Troll Headhunter |
| 22:11 | Arcanite Armor |
| 23:15 | Troll Headhunter |
| 23:15 | Troll Headhunter |
| 23:17 | Thorium Melee Weapons |
| 23:42 | Demolisher |
| 23:42 | Demolisher |
| 24:53 | Troll Headhunter |
| 24:53 | Troll Headhunter |
| 26:04 | Troll Headhunter |
| 26:04 | Troll Headhunter |
| 26:09 | Orc Burrow |
| 26:59 | Troll Headhunter |
| 26:59 | Troll Headhunter |
| 27:00 | Troll Headhunter |
| 33:43 | Peon |
| 33:43 | Peon |
| 33:43 | Peon |
| 33:44 | Peon |
| 35:12 | Arcanite Melee Weapons |
| 36:21 | Troll Headhunter |
| 36:21 | Troll Headhunter |
| 39:47 | Beastiary |
| 41:11 | Kodo Beast |
| 42:34 | Endurance Aura |
| 43:13 | Kodo Beast |
| 43:46 | Kodo Beast |
| 45:57 | Kodo Beast |
| 47:52 | Troll Batrider |
| 48:08 | Troll Batrider |
| 49:08 | Troll Batrider |
| Right click | 1954 |
| Select group | 1265 |
| Select | 761 |
| Misc. action | 420 |
| Build/train/purchase | 132 |
| Assign group | 99 |
| Use ability | 26 |
| Chat | 11 |

| Rod of Necromancy | 1 | 150 |
| Potion of Healing | 1 | 150 |
| Scroll of Healing | 1 | 250 |
| Potion of Lesser Invulnerability | 1 | 150 |
| total: | 4 | 700g |
| Acolyte | 2 | 150 | / | 0 |
| Ghoul | 4 | 480 | / | 0 |
| Crypt Fiend | 9 | 1935 | / | 360 |
| Frost Wyrm | 14 | 5390 | / | 1680 |
| Meat Wagon | 1 | 230 | / | 50 |
| total: | 30 | 8185g | / | 2090w |
| Nerubian Tower | 1 | 100 | / | 20 |
| Crypt | 1 | 200 | / | 50 |
| Graveyard | 1 | 215 | / | 0 |
| Ziggurat | 6 | 900 | / | 300 |
| Altar of Darkness | 1 | 180 | / | 50 |
| Tomb of Relics | 1 | 130 | / | 30 |
| Sacrificial Pit | 1 | 75 | / | 150 |
| Slaughterhouse | 2 | 280 | / | 270 |
| Boneyard | 3 | 525 | / | 600 |
| Halls of the Dead | 1 | 320 | / | 210 |
| Black Citadel | 1 | 325 | / | 230 |
| total: | 16 | 2505g | / | 1450w |
| 0:07 | Acolyte |
| 0:07 | Acolyte |
| 0:10 | Crypt |
| 0:23 | Graveyard |
| 0:41 | Ziggurat |
| 1:01 | Altar of Darkness |
| 1:15 | Ghoul |
| 1:28 | Ziggurat |
| 1:39 | Ghoul |
| 1:56 | Tomb of Relics |
| 2:15 | Crypt Fiend |
| 2:38 | Nerubian Tower |
| 2:57 | Crypt Fiend |
| 3:10 | Death Coil |
| 3:12 | Rod of Necromancy |
| 3:52 | Halls of the Dead |
| 3:56 | Crypt Fiend |
| 3:56 | Crypt Fiend |
| 4:17 | Crypt Fiend |
| 4:44 | Ziggurat |
| 4:51 | Unholy Aura |
| 5:06 | Ghoul |
| 5:06 | Crypt Fiend |
| 5:32 | Crypt Fiend |
| 6:01 | Ziggurat |
| 6:03 | Crypt Fiend |
| 6:13 | Potion of Healing |
| 6:21 | Black Citadel |
| 6:37 | Creature Attack |
| 7:27 | Unholy Aura |
| 8:40 | Web |
| 8:41 | Crypt Fiend |
| 9:09 | Sacrificial Pit |
| 9:13 | Ziggurat |
| 9:26 | Potion of Lesser Invulnerability |
| 9:32 | Scroll of Healing |
| 10:39 | Boneyard |
| 10:41 | Boneyard |
| 11:05 | Boneyard |
| 11:25 | Ziggurat |
| 12:15 | Frost Wyrm |
| 13:13 | Freezing Breath |
| 14:09 | Frost Wyrm |
| 14:09 | Frost Wyrm |
| 14:34 | Frost Wyrm |
| 14:34 | Frost Wyrm |
| 14:37 | Ghoul |
| 15:13 | Frost Wyrm |
| 16:48 | Frost Wyrm |
| 17:35 | Death Coil |
| 21:01 | Frost Wyrm |
| 24:04 | Unholy Aura |
| 29:45 | Animate Dead |
| 34:25 | Frost Wyrm |
| 34:26 | Frost Wyrm |
| 34:31 | Slaughterhouse |
| 34:38 | Slaughterhouse |
| 37:19 | Meat Wagon |
| 37:56 | Frost Wyrm |
| 37:56 | Frost Wyrm |
| 41:58 | Frost Wyrm |
| 46:24 | Frost Wyrm |
| Right click | 1208 |
| Select | 216 |
| Select group | 59 |
| Build/train/purchase | 58 |
| Use ability | 47 |
| Assign group | 21 |
| Item give/drop | 3 |
| Remove unit | 2 |
73 units @ 5.9k
/ 0.2k
285 buildings @ 14k
/ 6.9k



x1)
| Scroll of Regeneration | 3 | 300 |
| Staff of Sanctuary | 3 | 750 |
| Orb of Fire | 2 | 650 |
| Boots of Speed | 3 | 750 |
| Staff of Teleportation | 3 | 450 |
| Tome of Retraining | 1 | 300 |
| total: | 15 | 3200g |
| Peasant | 19 | 1425 | / | 0 |
| Priest | 1 | 135 | / | 10 |
| Dragonhawk Rider | 6 | 1200 | / | 180 |
| total: | 26 | 2760g | / | 190w |
| Scout Tower | 92 | 2760 | / | 1840 |
| Arcane Tower | 3 | 210 | / | 150 |
| Guard Tower | 42 | 2940 | / | 2100 |
| Altar of Kings | 1 | 180 | / | 50 |
| Farm | 7 | 560 | / | 140 |
| Lumber Mill | 1 | 120 | / | 0 |
| Arcane Vault | 2 | 260 | / | 60 |
| Blacksmith | 1 | 140 | / | 60 |
| Barracks | 1 | 160 | / | 60 |
| Arcane Sanctum | 1 | 150 | / | 140 |
| Gryphon Aviary | 1 | 140 | / | 150 |
| Keep | 1 | 320 | / | 210 |
| Castle | 1 | 360 | / | 210 |
| total: | 107 | 4470g | / | 2500w |
| 0:03 | Peasant |
| 0:03 | Peasant |
| 0:09 | Altar of Kings |
| 0:20 | Farm |
| 0:26 | Peasant |
| 0:35 | Lumber Mill |
| 0:42 | Peasant |
| 0:51 | Peasant |
| 0:57 | Farm |
| 1:06 | Peasant |
| 1:10 | Scout Tower |
| 1:18 | Peasant |
| 1:27 | Peasant |
| 1:32 | Peasant |
| 1:40 | Arcane Tower |
| 1:42 | Scout Tower |
| 1:44 | Peasant |
| 1:55 | Peasant |
| 2:05 | Arcane Vault |
| 2:09 | Summon Water Elemental |
| 2:13 | Guard Tower |
| 2:15 | Scout Tower |
| 2:16 | Peasant |
| 2:58 | Guard Tower |
| 2:59 | Scout Tower |
| 3:00 | Scout Tower |
| 3:01 | Scout Tower |
| 3:01 | Peasant |
| 3:38 | Keep |
| 3:48 | Guard Tower |
| 3:50 | Scroll of Regeneration |
| 4:00 | Guard Tower |
| 4:02 | Scout Tower |
| 4:02 | Scout Tower |
| 4:07 | Boots of Speed |
| 4:23 | Staff of Teleportation |
| 4:28 | Guard Tower |
| 4:35 | Farm |
| 4:58 | Improved Masonry |
| 5:00 | Guard Tower |
| 5:23 | Guard Tower |
| 5:25 | Scout Tower |
| 5:26 | Scout Tower |
| 5:27 | Scout Tower |
| 5:37 | Brilliance Aura |
| 5:46 | Scroll of Regeneration |
| 6:40 | Guard Tower |
| 6:46 | Arcane Sanctum |
| 6:49 | Advanced Masonry |
| 7:29 | Castle |
| 7:32 | Storm Bolt |
| 7:56 | Guard Tower |
| 8:02 | Farm |
| 8:03 | Farm |
| 8:26 | Scroll of Regeneration |
| 8:52 | Magic Sentry |
| 8:52 | Priest |
| 8:54 | Improved Lumber Harvesting |
| 9:11 | Scout Tower |
| 9:12 | Scout Tower |
| 9:12 | Scout Tower |
| 9:12 | Scout Tower |
| 9:13 | Scout Tower |
| 9:14 | Scout Tower |
| 9:37 | Boots of Speed |
| 9:37 | Staff of Teleportation |
| 9:46 | Arcane Vault |
| 10:11 | Tome of Retraining |
| 10:11 | Retrain Hero |
| 10:13 | Blizzard |
| 10:14 | Brilliance Aura |
| 10:23 | Guard Tower |
| 11:17 | Staff of Sanctuary |
| 11:55 | Staff of Sanctuary |
| 11:58 | Holy Light |
| 12:30 | Scout Tower |
| 12:31 | Scout Tower |
| 12:31 | Scout Tower |
| 12:32 | Scout Tower |
| 12:32 | Scout Tower |
| 12:33 | Scout Tower |
| 12:34 | Scout Tower |
| 12:34 | Scout Tower |
| 12:35 | Scout Tower |
| 12:53 | Imbued Masonry |
| 13:08 | Arcane Tower |
| 13:13 | Scout Tower |
| 13:15 | Scout Tower |
| 13:15 | Scout Tower |
| 13:16 | Scout Tower |
| 13:16 | Scout Tower |
| 13:49 | Guard Tower |
| 13:50 | Guard Tower |
| 14:27 | Staff of Sanctuary |
| 14:41 | Guard Tower |
| 15:03 | Arcane Tower |
| 15:09 | Guard Tower |
| 15:18 | Scout Tower |
| 15:19 | Scout Tower |
| 15:19 | Scout Tower |
| 15:20 | Scout Tower |
| 15:21 | Scout Tower |
| 15:21 | Scout Tower |
| 15:21 | Scout Tower |
| 15:22 | Scout Tower |
| 15:27 | Gryphon Aviary |
| 15:59 | Boots of Speed |
| 16:12 | Scout Tower |
| 16:13 | Scout Tower |
| 16:19 | Staff of Teleportation |
| 16:59 | Blacksmith |
| 17:00 | Barracks |
| 17:09 | Guard Tower |
| 17:47 | Guard Tower |
| 17:48 | Scout Tower |
| 17:49 | Scout Tower |
| 17:49 | Scout Tower |
| 17:55 | Scout Tower |
| 17:56 | Scout Tower |
| 18:29 | Guard Tower |
| 18:56 | Guard Tower |
| 19:15 | Orb of Fire |
| 19:34 | Animal War Training |
| 19:35 | Iron Forged Swords |
| 19:39 | Guard Tower |
| 19:42 | Scout Tower |
| 19:42 | Scout Tower |
| 19:43 | Scout Tower |
| 19:43 | Scout Tower |
| 19:46 | Scout Tower |
| 19:46 | Scout Tower |
| 20:49 | Blizzard |
| 21:02 | Guard Tower |
| 21:48 | Bash |
| 21:56 | Guard Tower |
| 21:58 | Peasant |
| 21:59 | Peasant |
| 21:59 | Peasant |
| 22:19 | Guard Tower |
| 22:22 | Scout Tower |
| 22:22 | Scout Tower |
| 22:23 | Scout Tower |
| 22:28 | Scout Tower |
| 22:29 | Scout Tower |
| 22:29 | Scout Tower |
| 22:30 | Scout Tower |
| 22:41 | Peasant |
| 22:41 | Peasant |
| 22:42 | Peasant |
| 23:03 | Guard Tower |
| 23:05 | Scout Tower |
| 23:06 | Scout Tower |
| 23:06 | Scout Tower |
| 23:07 | Scout Tower |
| 23:16 | Guard Tower |
| 23:17 | Scout Tower |
| 23:18 | Scout Tower |
| 23:34 | Scout Tower |
| 23:36 | Scout Tower |
| 23:36 | Scout Tower |
| 23:37 | Scout Tower |
| 23:40 | Guard Tower |
| 23:43 | Scout Tower |
| 23:44 | Scout Tower |
| 23:52 | Scout Tower |
| 23:52 | Scout Tower |
| 23:56 | Scout Tower |
| 23:56 | Scout Tower |
| 24:15 | Guard Tower |
| 24:18 | Guard Tower |
| 24:40 | Guard Tower |
| 24:47 | Guard Tower |
| 24:49 | Scout Tower |
| 24:49 | Guard Tower |
| 24:58 | Scout Tower |
| 25:00 | Scout Tower |
| 25:23 | Scout Tower |
| 25:25 | Scout Tower |
| 25:29 | Scout Tower |
| 25:29 | Scout Tower |
| 25:30 | Scout Tower |
| 25:30 | Scout Tower |
| 25:56 | Dragonhawk Rider |
| 25:57 | Dragonhawk Rider |
| 25:59 | Farm |
| 26:01 | Farm |
| 26:04 | Guard Tower |
| 26:05 | Guard Tower |
| 26:05 | Guard Tower |
| 26:48 | Guard Tower |
| 26:59 | Guard Tower |
| 27:12 | Dragonhawk Rider |
| 28:33 | Scout Tower |
| 28:34 | Scout Tower |
| 28:35 | Scout Tower |
| 28:36 | Scout Tower |
| 28:36 | Scout Tower |
| 28:37 | Scout Tower |
| 28:37 | Scout Tower |
| 28:37 | Scout Tower |
| 28:43 | Orb of Fire |
| 28:51 | Dragonhawk Rider |
| 28:52 | Dragonhawk Rider |
| 29:32 | Divine Shield |
| 29:36 | Guard Tower |
| 30:53 | Dragonhawk Rider |
| 31:04 | Steel Forged Swords |
| 31:04 | Studded Leather Armor |
| 31:41 | Guard Tower |
| 34:10 | Guard Tower |
| 37:15 | Storm Bolt |
| 40:44 | Holy Light |
| 41:54 | Brilliance Aura |
| Right click | 5062 |
| Select | 1281 |
| Select group | 989 |
| Build/train/purchase | 282 |
| Chat | 242 |
| Use ability | 241 |
| Assign group | 26 |
| Misc. action | 11 |
| Minimap ping | 10 |
| Item give/drop | 2 |
| Remove unit | 1 |



x1)
| Scroll of Regeneration | 2 | 200 |
| Staff of Sanctuary | 3 | 750 |
| Orb of Fire | 2 | 650 |
| Potion of Healing | 1 | 150 |
| Staff of Teleportation | 3 | 450 |
| Boots of Speed | 3 | 750 |
| Tome of Retraining | 1 | 300 |
| Periapt of Vitality | 4 | 1300 |
| Circlet of Nobility | 1 | 175 |
| Orb of Venom | 1 | 325 |
| total: | 21 | 5050g |
| Peasant | 12 | 900 | / | 0 |
| Priest | 2 | 270 | / | 20 |
| total: | 14 | 1170g | / | 20w |
| Scout Tower | 146 | 4380 | / | 2920 |
| Arcane Tower | 5 | 350 | / | 250 |
| Guard Tower | 48 | 3360 | / | 2400 |
| Altar of Kings | 1 | 180 | / | 50 |
| Farm | 4 | 320 | / | 80 |
| Lumber Mill | 1 | 120 | / | 0 |
| Arcane Vault | 2 | 260 | / | 60 |
| Arcane Sanctum | 1 | 150 | / | 140 |
| Keep | 1 | 320 | / | 210 |
| Castle | 1 | 360 | / | 210 |
| total: | 155 | 5410g | / | 3250w |
| 0:04 | Peasant |
| 0:05 | Peasant |
| 0:10 | Altar of Kings |
| 0:12 | Farm |
| 0:23 | Peasant |
| 0:33 | Lumber Mill |
| 0:37 | Peasant |
| 0:47 | Peasant |
| 0:51 | Scout Tower |
| 0:57 | Farm |
| 1:01 | Peasant |
| 1:09 | Scout Tower |
| 1:18 | Arcane Tower |
| 1:34 | Scout Tower |
| 1:36 | Peasant |
| 1:36 | Peasant |
| 1:36 | Peasant |
| 1:38 | Arcane Tower |
| 1:48 | Scout Tower |
| 1:53 | Peasant |
| 1:54 | Peasant |
| 1:59 | Guard Tower |
| 2:01 | Scout Tower |
| 2:10 | Scout Tower |
| 2:12 | Peasant |
| 2:24 | Scout Tower |
| 2:24 | Guard Tower |
| 2:28 | Scout Tower |
| 2:28 | Guard Tower |
| 2:42 | Summon Water Elemental |
| 2:49 | Scout Tower |
| 2:51 | Guard Tower |
| 2:58 | Scout Tower |
| 3:06 | Keep |
| 3:19 | Guard Tower |
| 3:36 | Guard Tower |
| 3:37 | Scout Tower |
| 3:39 | Guard Tower |
| 3:40 | Scout Tower |
| 4:14 | Brilliance Aura |
| 4:16 | Scout Tower |
| 4:18 | Scout Tower |
| 4:19 | Scout Tower |
| 4:24 | Guard Tower |
| 4:27 | Farm |
| 4:29 | Farm |
| 4:32 | Arcane Vault |
| 4:35 | Arcane Vault |
| 4:38 | Guard Tower |
| 4:39 | Scout Tower |
| 4:45 | Staff of Teleportation |
| 4:45 | Boots of Speed |
| 4:52 | Guard Tower |
| 4:54 | Scout Tower |
| 4:55 | Scout Tower |
| 4:56 | Scout Tower |
| 4:57 | Scout Tower |
| 5:28 | Castle |
| 5:37 | Scout Tower |
| 5:37 | Guard Tower |
| 5:40 | Arcane Tower |
| 5:44 | Scout Tower |
| 5:46 | Scout Tower |
| 5:47 | Scout Tower |
| 5:48 | Scout Tower |
| 5:48 | Scout Tower |
| 5:49 | Scout Tower |
| 6:18 | Guard Tower |
| 6:19 | Scout Tower |
| 6:20 | Scout Tower |
| 6:27 | Guard Tower |
| 6:30 | Storm Bolt |
| 6:32 | Improved Masonry |
| 6:33 | Arcane Sanctum |
| 6:38 | Scout Tower |
| 6:39 | Scout Tower |
| 6:39 | Scout Tower |
| 6:40 | Scout Tower |
| 6:54 | Guard Tower |
| 6:56 | Scout Tower |
| 6:56 | Scout Tower |
| 7:05 | Guard Tower |
| 7:07 | Scout Tower |
| 7:08 | Scout Tower |
| 7:13 | Staff of Teleportation |
| 7:17 | Boots of Speed |
| 7:51 | Guard Tower |
| 7:52 | Scout Tower |
| 7:53 | Scout Tower |
| 8:00 | Guard Tower |
| 8:02 | Magic Sentry |
| 8:04 | Scout Tower |
| 8:04 | Scout Tower |
| 8:05 | Scout Tower |
| 8:06 | Scout Tower |
| 8:08 | Guard Tower |
| 8:16 | Scroll of Regeneration |
| 8:55 | Scout Tower |
| 8:56 | Scout Tower |
| 8:56 | Scout Tower |
| 8:58 | Scout Tower |
| 8:59 | Scout Tower |
| 9:00 | Scout Tower |
| 9:00 | Scout Tower |
| 9:08 | Guard Tower |
| 9:09 | Scout Tower |
| 9:10 | Scout Tower |
| 9:12 | Guard Tower |
| 9:21 | Scout Tower |
| 9:22 | Scout Tower |
| 9:33 | Staff of Sanctuary |
| 9:37 | Staff of Sanctuary |
| 9:40 | Holy Light |
| 9:46 | Guard Tower |
| 9:57 | Advanced Masonry |
| 10:17 | Guard Tower |
| 10:19 | Scout Tower |
| 10:20 | Scout Tower |
| 10:21 | Scout Tower |
| 10:22 | Scout Tower |
| 10:27 | Guard Tower |
| 10:30 | Scout Tower |
| 10:31 | Scout Tower |
| 10:46 | Guard Tower |
| 10:48 | Scout Tower |
| 10:49 | Scout Tower |
| 10:50 | Scout Tower |
| 10:50 | Scout Tower |
| 10:52 | Guard Tower |
| 10:53 | Scout Tower |
| 10:54 | Scout Tower |
| 11:09 | Orb of Fire |
| 11:14 | Orb of Fire |
| 11:25 | Guard Tower |
| 11:29 | Scout Tower |
| 11:30 | Scout Tower |
| 11:30 | Scout Tower |
| 11:40 | Imbued Masonry |
| 11:41 | Scout Tower |
| 11:42 | Scout Tower |
| 11:43 | Scout Tower |
| 11:44 | Scout Tower |
| 11:46 | Scout Tower |
| 11:47 | Scout Tower |
| 11:47 | Scout Tower |
| 11:48 | Scout Tower |
| 11:49 | Scout Tower |
| 11:52 | Scout Tower |
| 11:53 | Scout Tower |
| 11:55 | Scout Tower |
| 11:55 | Scout Tower |
| 11:57 | Scout Tower |
| 11:59 | Scout Tower |
| 12:04 | Guard Tower |
| 12:05 | Scout Tower |
| 12:06 | Scout Tower |
| 12:06 | Scout Tower |
| 12:07 | Scout Tower |
| 12:09 | Guard Tower |
| 12:42 | Guard Tower |
| 12:50 | Guard Tower |
| 12:52 | Scout Tower |
| 12:53 | Scout Tower |
| 12:53 | Scout Tower |
| 12:54 | Scout Tower |
| 12:56 | Guard Tower |
| 13:01 | Scout Tower |
| 13:06 | Scout Tower |
| 13:06 | Scout Tower |
| 13:08 | Scout Tower |
| 13:14 | Guard Tower |
| 13:43 | Guard Tower |
| 13:49 | Guard Tower |
| 13:52 | Scout Tower |
| 13:52 | Scout Tower |
| 13:53 | Scout Tower |
| 13:53 | Scout Tower |
| 13:54 | Scout Tower |
| 13:55 | Scout Tower |
| 14:00 | Scout Tower |
| 14:00 | Scout Tower |
| 14:01 | Scout Tower |
| 14:01 | Scout Tower |
| 14:22 | Scout Tower |
| 14:34 | Guard Tower |
| 14:38 | Scout Tower |
| 14:40 | Scout Tower |
| 14:40 | Scout Tower |
| 14:41 | Scout Tower |
| 14:42 | Scout Tower |
| 14:53 | Tome of Retraining |
| 14:53 | Retrain Hero |
| 14:54 | Staff of Teleportation |
| 14:54 | Boots of Speed |
| 14:56 | Brilliance Aura |
| 14:57 | Blizzard |
| 15:04 | Guard Tower |
| 15:08 | Scout Tower |
| 15:08 | Scout Tower |
| 15:09 | Scout Tower |
| 15:09 | Scout Tower |
| 15:12 | Arcane Tower |
| 15:21 | Guard Tower |
| 15:41 | Guard Tower |
| 16:13 | Bash |
| 16:14 | Guard Tower |
| 16:38 | Brilliance Aura |
| 18:07 | Staff of Sanctuary |
| 18:31 | Guard Tower |
| 18:36 | Scout Tower |
| 18:37 | Scout Tower |
| 18:37 | Scout Tower |
| 18:38 | Scout Tower |
| 18:55 | Potion of Healing |
| 19:34 | Guard Tower |
| 20:48 | Divine Shield |
| 21:47 | Scroll of Regeneration |
| 23:24 | Scout Tower |
| 23:38 | Scout Tower |
| 23:42 | Scout Tower |
| 23:43 | Scout Tower |
| 26:09 | Arcane Tower |
| 27:17 | Priest |
| 27:18 | Priest Adept Training |
| 30:16 | Storm Bolt |
| 30:42 | Scout Tower |
| 30:43 | Scout Tower |
| 30:44 | Scout Tower |
| 30:45 | Scout Tower |
| 30:46 | Scout Tower |
| 31:05 | Periapt of Vitality |
| 31:08 | Circlet of Nobility |
| 31:41 | Priest Master Training |
| 31:46 | Guard Tower |
| 31:48 | Scout Tower |
| 31:49 | Scout Tower |
| 31:49 | Scout Tower |
| 31:50 | Scout Tower |
| 31:51 | Scout Tower |
| 32:57 | Guard Tower |
| 32:59 | Scout Tower |
| 32:59 | Scout Tower |
| 33:00 | Scout Tower |
| 33:01 | Scout Tower |
| 33:19 | Guard Tower |
| 33:20 | Scout Tower |
| 33:20 | Scout Tower |
| 33:50 | Blizzard |
| 33:52 | Holy Light |
| 34:13 | Guard Tower |
| 37:14 | Bash |
| 38:27 | Brilliance Aura |
| 40:20 | Devotion Aura |
| 40:46 | Periapt of Vitality |
| 43:09 | Periapt of Vitality |
| 43:30 | Guard Tower |
| 44:01 | Periapt of Vitality |
| 45:09 | Orb of Venom |
| 46:40 | Storm Bolt |
| 47:36 | Scout Tower |
| 47:37 | Scout Tower |
| 48:00 | Scout Tower |
| 49:06 | Guard Tower |
| 49:18 | Scout Tower |
| 49:19 | Scout Tower |
| 49:21 | Priest |
| 49:45 | Blizzard |
| 49:54 | Holy Light |
| 51:01 | Guard Tower |
| 51:17 | Scout Tower |
| Right click | 4679 |
| Select group | 3239 |
| Select | 465 |
| Use ability | 283 |
| Build/train/purchase | 177 |
| Misc. action | 98 |
| Minimap ping | 56 |
| Chat | 36 |
| Assign group | 10 |
| Item give/drop | 7 |
| Esc | 3 |


| Orb of Venom | 1 | 325 |
| Boots of Speed | 2 | 500 |
| Staff of Teleportation | 2 | 300 |
| Staff of Sanctuary | 2 | 500 |
| Orb of Fire | 1 | 325 |
| total: | 8 | 1950g |
| Wisp | 33 | 1980 | / | 0 |
| total: | 33 | 1980g | / | 0w |
| Altar of Elders | 2 | 360 | / | 100 |
| Moon Well | 17 | 3060 | / | 680 |
| Tree of Life | 1 | 340 | / | 185 |
| Hunter's Hall | 1 | 210 | / | 100 |
| Ancient of Wonders | 2 | 180 | / | 60 |
| Tree of Ages | 1 | 320 | / | 180 |
| Tree of Eternity | 1 | 330 | / | 200 |
| total: | 23 | 4150g | / | 1125w |
| 0:03 | Wisp |
| 0:03 | Wisp |
| 0:04 | Altar of Elders |
| 0:18 | Moon Well |
| 0:24 | Wisp |
| 0:34 | Wisp |
| 0:51 | Wisp |
| 1:00 | Moon Well |
| 1:10 | Wisp |
| 1:23 | Wisp |
| 1:31 | Wisp |
| 1:43 | Wisp |
| 1:44 | Wisp |
| 2:16 | Wisp |
| 2:16 | Wisp |
| 2:19 | Shadow Strike |
| 2:52 | Wisp |
| 2:52 | Wisp |
| 3:22 | Wisp |
| 3:22 | Wisp |
| 3:56 | Wisp |
| 3:57 | Wisp |
| 4:21 | Tree of Life |
| 4:32 | Wisp |
| 4:32 | Wisp |
| 4:36 | Wisp |
| 5:09 | Boots of Speed |
| 5:15 | Blink |
| 5:17 | Wisp |
| 5:32 | Tree of Ages |
| 6:23 | Wisp |
| 6:24 | Wisp |
| 6:24 | Wisp |
| 6:24 | Wisp |
| 6:24 | Wisp |
| 8:15 | Moon Well |
| 8:42 | Nature's Blessing |
| 9:04 | Hunter's Hall |
| 9:15 | Moon Well |
| 9:16 | Moon Well |
| 9:58 | Tree of Eternity |
| 10:26 | Ultravision |
| 10:29 | Moon Well |
| 10:45 | Entangling Roots |
| 10:58 | Ancient of Wonders |
| 11:01 | Staff of Teleportation |
| 11:06 | Boots of Speed |
| 11:15 | Moon Well |
| 12:15 | Wisp |
| 12:15 | Wisp |
| 12:24 | Well Spring |
| 13:21 | Staff of Sanctuary |
| 14:36 | Altar of Elders |
| 14:59 | Orb of Venom |
| 15:42 | Staff of Sanctuary |
| 16:37 | Moon Well |
| 17:00 | Staff of Teleportation |
| 17:47 | Moon Well |
| 18:02 | Moon Well |
| 20:15 | Moon Well |
| 21:57 | Force of Nature |
| 23:06 | Orb of Fire |
| 23:41 | Wisp |
| 23:41 | Wisp |
| 24:47 | Moon Well |
| 24:48 | Moon Well |
| 25:43 | Wisp |
| 25:43 | Wisp |
| 26:44 | Moon Well |
| 28:02 | Shadow Strike |
| 28:23 | Moon Well |
| 34:05 | Entangling Roots |
| 35:48 | Blink |
| 40:57 | Force of Nature |
| 42:37 | Shadow Strike |
| 43:42 | Ancient of Wonders |
| 47:44 | Moon Well |
| 50:11 | Blink |
| 51:06 | Moon Well |
| Right click | 5955 |
| Select | 946 |
| Select group | 565 |
| Resource trade | 302 |
| Use ability | 220 |
| Misc. action | 169 |
| Build/train/purchase | 76 |
| Chat | 21 |
| Minimap ping | 6 |
| Assign group | 4 |
| Item give/drop | 1 |
| Esc | 1 |